 Dungeon Crawl Stone Soup version 0.30-a0-141-g30f27751c5 (webtiles) character file.

Game seed: 17600590885025963753

772 qw the Chopper (level 7, -2/44 HPs)
             Began as a Gargoyle Fighter on Sept 25, 2022.
             Slain by a vampire (8 damage)
             ... on level 5 of the Dungeon.
             The game lasted 00:01:28 (3630 turns).

qw the Chopper (Gargoyle Fighter)                   Turns: 3630, Time: 00:01:28

Health: -2/44      AC: 16    Str: 30    XL:     7   Next: 83%
Magic:  7/7        EV: 11    Int:  7    God:
Gold:   376        SH:  4    Dex: 13    Spells: 6/6 levels left

rFire   . . .      SeeInvis .    Y - +1 war axe (venom)
rCold   . . .      Faith    .    c - +0 buckler
rNeg    + + .      Spirit   .    o - +4 ring mail "Ituj" {Drain Regen+ Str+3}
rPois   inf        Reflect  .    (no helmet)
rElec   +          Harm     .    h - +0 cloak
rCorr   .          Rampage  .    (no gloves)
Will    .....                    k - +0 pair of boots
Stlth   +.........               f - amulet of regeneration
HPRegen 1.74/turn                i - +6 ring of strength
MPRegen 0.10/turn                b - ring of positive energy

@: no status effects
A: sickness immunity, AC +4, negative energy resistance 1, electricity
resistance, torment resistance 1, petrification resistance, agile 1, high MP 1
a: no special abilities


You were on level 5 of the Dungeon.
You visited 1 branch of the dungeon, and saw 6 of its levels.

You collected 376 gold pieces.


Innate Abilities, Weirdness & Mutations

You are immune to sickness and miasma.
Your stone body is resilient. (AC +4)
You are immune to poison.
You resist negative energy. (rN+)
You are resistant to electric shocks. (rElec)
You are resistant to unholy torment.
You are immune to petrification.
You are agile. (Dex +4, Str/Int -1)
You have an increased reservoir of magic. (+10% MP)


   Skills:
 + Level 4.8 Fighting
 - Level 7.0 Axes
 - Level 3.2 Armour
 - Level 1.7 Dodging
 - Level 3.2 Shields


You had 6 spell levels left.
You didn't know any spells.
Your spell library was empty.

Inventory:

Hand Weapons
 g - a +0 flail
 Y - a +1 war axe of venom (weapon)
Armour
 c - a +0 buckler (worn)
 h - a +0 cloak (worn)
 k - a +0 pair of boots (worn)
 o - the +4 ring mail "Ituj" (worn) {Drain Regen+ Str+3}
   (You found it on level 5 of the Dungeon)

   Str:       It affects your strength (+3).
   Regen:     It increases your rate of health regeneration.
   Drain:     It drains your maximum health when unequipped.
Jewellery
 b - a ring of positive energy (right hand)
 f - an amulet of regeneration (around neck)
 i - a +6 ring of strength (left hand)
Scrolls
 a - 3 scrolls of identify
 l - a scroll of teleportation
Potions
 d - a potion of might
 e - 5 potions of heal wounds
 j - a potion of resistance

Dungeon Overview and Level Annotations

Branches:
Dungeon (6/15)
 Temple: D:4-7

Altars:
Qazlal
Uskayaw

Shops:
D:5 *

Annotations:
D:3 2 runed translucent doors, BraveToast's ghost, weakling DDFi


Message History

Something hits you. Something bites you but does no damage.
You hit something but do no damage. Something hits you but does no damage.
Something bites you but does no damage.
You barely miss something.
You hear some strange, mumbled words.
Something tries to affect you, but you resist.
Something hits you! Something bites you but does no damage.
You closely miss something. Something hits you but does no damage.
Something bites you.
You completely miss something. Something hits you but does no damage.
Something bites you but does no damage.
You miss something. Something hits you! Something bites you but does no damage.
You miss something. Something hits you but does no damage. Something bites you!
You hit something but do no damage.
You hear some strange, mumbled words.
You are confused.
You're too confused to attack without stumbling around!
There is a strange disturbance nearby!
Something hits you but does no damage. Something bites you!
You're too confused to attack without stumbling around!
There is a strange disturbance nearby!
Something hits you. Something bites you but does no damage.
You're too confused to attack without stumbling around!
There is a strange disturbance nearby!
Something hits you. Something bites you but does no damage.
You're too confused to attack without stumbling around!
There is a strange disturbance nearby!
Something hits you but does no damage. Something bites you but does no damage.
You're too confused to attack without stumbling around!
There is a strange disturbance nearby!
Something hits you. Something bites you.
You're too confused to attack without stumbling around!
There is a strange disturbance nearby!
You feel less confused. Something hits you but does no damage.
Something bites you but does no damage.
You hit something. Something hits you!
You die...

##...#####...##################
..............................#
##...#####...#.#######.######.#
.#..## ##.##.# #.## #.# .#..#
#.##.# #..# #.# ....# #.##.#
###.### #.# .##.# #.##.##
#....~# #.# ....#
#.#...#####.....###.# #####
#....{@#....._....#.#
#......#.##.....#.#.# ###
##.....#.##0...0#...# ..#
##.......###.####.## #.#
####...........#.# #.#
#..###.####.#.# #.##########
#..# #.# #.#.# .......(...##
#..# #.# #.#.#
#.#######...####..# #.# #.#.#


There were no monsters in sight!

Vanquished Creatures
  2 ogres
  A phantom (D:5)
  A howler monkey (D:5)
  4 orc priests
  A hound (D:5)
  4 iguanas
  2 orc wizards
  4 gnolls (D:4)
  6 adders
  A worm (D:4)
  3 dart slugs
  14 orcs
  5 bats
  10 endoplasms
  4 giant cockroaches
  4 hobgoblins
  6 kobolds
  2 quokkas
  7 ball pythons
  3 frilled lizards
  6 goblins
  7 rats
97 creatures vanquished.

Notes
Turn   | Place    | Note
-------+----------+-------------------------------------------
     0 | D:1      | qw the Gargoyle Fighter began the quest for the Orb.
     0 | D:1      | Reached XP level 1. HP: 14/14 MP: 1/1
     0 | D:1      | 0 ||| qw: Version: 0.2-a-10-g399e6c4
     0 | D:1      | 0 ||| qw: Game counter: 271
     0 | D:1      | 0 ||| qw: Always use a shield: true
     0 | D:1      | 0 ||| qw: God list: Okawaru
     0 | D:1      | 0 ||| qw: Allow faded altars: false
     0 | D:1      | 0 ||| qw: Do Orc after D:15 true
     0 | D:1      | 0 ||| qw: Do second Lair branch before Depths: true
     0 | D:1      | 0 ||| qw: Lair rune preference: random
     0 | D:1      | 0 ||| qw: Plans: Normal, Zot:1-4, God:TSO, Crypt, Tomb,
                  | Pan, Slime:5, Hells, Abyss, Orb
     0 | D:1      | 0 ||| PLANNING D:1-11
   242 | D:1      | Reached skill level 2 in Axes
   259 | D:1      | 259 ||| Stepping ~*~*~tactically~*~*~ (hiding).
   377 | D:1      | Reached XP level 2. HP: 19/19 MP: 2/2
   829 | D:1      | Reached skill level 3 in Axes
  1059 | D:1      | Found a faded altar of an unknown god.
  1064 | D:1      | 1064 ||| UPGRADING to amulet of regeneration.
  1069 | D:1      | 1069 ||| READING 3 scrolls labelled WOKKUA UFAAFOLI.
  1070 | D:1      | 1070 ||| READING scroll labelled ALIDWA HERURO.
  1071 | D:1      | 1071 ||| READING 2 scrolls of identify.
  1071 | D:1      | 1071 ||| IDENTIFYING grey potion
  1112 | D:2      | Reached XP level 3. HP: 23/23 MP: 3/3
  1135 | D:2      | 1135 ||| Stepping ~*~*~tactically~*~*~ (stealth).
  1184 | D:2      | 1184 ||| Stepping ~*~*~tactically~*~*~ (hiding).
  1483 | D:2      | Reached XP level 4. HP: 28/28 MP: 4/4
  1559 | D:2      | 1559 ||| UPGRADING to +0 cloak.
  1564 | D:2      | 1564 ||| READING scroll labelled DIORGH KU GARONT.
  1565 | D:2      | 1565 ||| READING scroll labelled ECIEGO NISAKHLA.
  1568 | D:2      | 1568 ||| READING 3 scrolls labelled XYNOKKYVOM.
  1569 | D:2      | 1569 ||| DROPPING +0 club.
  1570 | D:2      | 1570 ||| READING 2 scrolls of brand weapon.
  1570 | D:2      | 1570 ||| BRANDING +0 war axe of flaming.
  1571 | D:2      | 1571 ||| READING scroll of brand weapon.
  1571 | D:2      | 1571 ||| BRANDING +0 war axe of freezing.
  1622 | D:2      | 1622 ||| READING 2 scrolls of identify.
  1622 | D:2      | 1622 ||| IDENTIFYING emerald potion
  1633 | D:3      | 1633 ||| STAIRDANCE
  1645 | D:3      | 1645 ||| STAIRDANCE
  1648 | D:2      | Reached skill level 4 in Axes
  1658 | D:3      | 1658 ||| DROPPING +0 club.
  1708 | D:3      | 1708 ||| Stepping ~*~*~tactically~*~*~ (stealth).
  1710 | D:3      | 1710 ||| Stepping ~*~*~tactically~*~*~ (stealth).
  1863 | D:3      | 1863 ||| FLEEEEING.
  1864 | D:3      | 1864 ||| FLEEEEING.
  1865 | D:3      | 1865 ||| FLEEEEING.
  1871 | D:3      | HP: 6/28 [something/magic dart (12)]
  1872 | D:3      | Reached XP level 5. HP: 6/32 MP: 5/5
  1878 | D:3      | HP: 5/32 [something/magic dart (6)]
  1881 | D:3      | 1881 ||| DRINKING potion of curing.
  1881 | D:3      | 1881 ||| (to cure confusion)
  1919 | D:3      | 1919 ||| DROPPING +0 mace.
  1948 | D:3      | Reached skill level 5 in Axes
  1951 | D:3      | Found a hide-covered altar of Uskayaw.
  2216 | D:3      | Found a large runed translucent door.
  2217 | D:3      | Found a large runed translucent door.
  2219 | D:3      | Noticed BraveToast's ghost (weakling DDFi)
  2257 | D:3      | 2257 ||| UPGRADING to +0 chain mail.
  2267 | D:3      | 2267 ||| DROPPING +0 scale mail.
  2268 | D:3      | 2268 ||| UPGRADING to +6 ring of strength.
  2269 | D:3      | 2269 ||| READING scroll labelled BITOHAUVAD.
  2270 | D:3      | 2270 ||| READING scroll labelled XOL MUTZAU.
  2271 | D:3      | 2271 ||| READING scroll labelled HIEKLI QOSCHE.
  2312 | D:4      | Reached XP level 6. HP: 38/38 MP: 6/6
  2315 | D:4      | Noticed a wyvern
  2723 | D:4      | 2723 ||| Stepping ~*~*~tactically~*~*~ (stealth).
  2731 | D:4      | Reached skill level 6 in Axes
  2745 | D:4      | Reached skill level 1 in Dodging
  2745 | D:4      | Reached XP level 7. HP: 43/43 MP: 7/7
  2918 | D:4      | 2918 ||| UPGRADING to +0 pair of boots.
  2923 | D:4      | 2923 ||| UPGRADING to ring of positive energy.
  2924 | D:4      | 2924 ||| READING scroll labelled QAOFIL GAIRGH.
  2925 | D:4      | 2925 ||| READING 2 scrolls of identify.
  2925 | D:4      | 2925 ||| IDENTIFYING sedimented silvery potion
  2950 | D:5      | Entered Level 5 of the Dungeon
  3070 | D:5      | Found Zareih's Gadget Gallery.
  3082 | D:5      | 3082 ||| Stepping ~*~*~tactically~*~*~ (stealth).
  3091 | D:5      | Reached skill level 7 in Axes
  3283 | D:5      | Found a stormy altar of Qazlal.
  3540 | D:5      | Identified the +4 ring mail "Ituj" {Drain Regen+ Str+3}
  3542 | D:5      | 3542 ||| UPGRADING to +4 ring mail "Ituj" {Drain Regen+
                  | Str+3}.
  3552 | D:5      | 3552 ||| DROPPING +0 chain mail.
  3553 | D:5      | 3553 ||| DRINKING 2 gluggy clear potions.
  3553 | D:5      | Gained mutation: You are frail. (-10% HP) [potion of
                  | mutation]
  3553 | D:5      | Gained mutation: You have hidden genetic potential. [potion
                  | of mutation]
  3554 | D:5      | 3554 ||| DRINKING potion of mutation.
  3554 | D:5      | Lost mutation: You are frail. (-10% HP) [potion of
                  | mutation]
  3554 | D:5      | Lost mutation: You have hidden genetic potential. [potion
                  | of mutation]
  3554 | D:5      | Gained mutation: You have an increased reservoir of magic.
                  | (+10% MP) [potion of mutation]
  3554 | D:5      | Gained mutation: You are agile. (Dex +4, Str/Int -1)
                  | [potion of mutation]
  3605 | D:6      | Noticed a vampire
  3613 | D:6      | 3613 ||| STAIRDANCE
  3622 | D:5      | HP: 10/44 [something (11)]
  3625 | D:5      | HP: 4/44 [something (3)]
  3630 | D:5      | Slain by a vampire

Levels and vault maps discovered:
D:1:      evilmike_arrival_rings, layout_basic,
          dreamdust_ecumenical_altar_hidden_monk_grotto,
          wander_ebering_terrifying_dragon_lair
D:2:      layout_rooms, minmay_misc_feat_alley, minivault_4,
          chequers_serial_rivers_small_a, corexii_item_surrounded_by_moat
D:3:      layout_rooms, amcnicky_altar_gilded, ebering_ghost_disaster_area,
          nicolae_titane
D:4:      layout_basic, kennysheep_dice
D:5:      layout_loops_ring, grunt_qazlal_clouds, nicolae_shop_gadgets
D:6:      layout_loops_corners, pdpol_wu_jian_five_deadly_venoms,
          mainiacjoe_overflow_alcove_3, minmay_temple_entry_nine_rooms,
          ebering_ghost_rock_garden

Skill      XL: |  1  2  3  4  5  6  7 |
---------------+----------------------+-----
Axes           | 2 3 4 5 6 7 |  7.0
Fighting       | 4 |  4.8
Dodging        | 1 |  1.7
Armour         | |  3.2
Shields        | |  3.2

Action                   |  1- 3 |  4- 6 |  7- 9 || total
-------------------------+-------+-------+-------++-------
Melee: War axe           |    74 |   127 |    36 ||   237
  Use: Scroll            |     3 |     9 |     2 ||    14
       Potion            |       |     1 |     2 ||     3
Armor: Scale mail        |    27 |    24 |       ||    51
       Chain mail        |       |    42 |    10 ||    52
       Ring mail         |       |       |    18 ||    18
Dodge: Dodged            |    37 |    39 |    10 ||    86
Block: Buckler           |     4 |    19 |     5 ||    28

Table legend:
 A = Non-vault XP
 B = Vault XP
 C = Vault XP percentage of total XP
 D = Non-vault monster count
 E = Vault monster count
 F = Vault count percentage of total count
                 A         B        C        D         E       F
            +---------+---------+-------+---------+---------+-------
      Total |    1067 |      37 |   3.4 |      95 |       2 |   2.1
            +---------+---------+-------+---------+---------+-------
        D:1 |      31 |       1 |   3.1 |      19 |       1 |   5.0
        D:2 |      69 |       0 |   0.0 |      18 |       0 |   0.0
        D:3 |     134 |       0 |   0.0 |      22 |       0 |   0.0
        D:4 |     405 |      36 |   8.2 |      28 |       1 |   3.4
        D:5 |     428 |       0 |   0.0 |       8 |       0 |   0.0
            +---------+---------+-------+---------+---------+-------
